 Dungeon Crawl Stone Soup version 0.28.0-53-g5a82cb258f (webtiles) character file.

Game seed: 11939432164955526432

844 Plasmagod the Chopper (level 7, -8/62 HPs)
             Began as a Minotaur Fighter on July 14, 2022.
             Was a Believer of Lugonu.
             Mangled by Duvessa
             ... wielding a +0 short sword
              (11 damage)
             ... on level 4 of the Dungeon.
             The game lasted 00:07:24 (3391 turns).

Plasmagod the Chopper (Minotaur Fighter)            Turns: 3391, Time: 00:07:25

Health: -8/62      AC: 10    Str: 20    XL:     7   Next: 68%
Magic:  4/6        EV: 10    Int:  5    God:    Lugonu [**....]
Gold:   144        SH:  5    Dex: 12    Spells: 6/6 levels left

rFire   . . .      SeeInvis .   a - +0 war axe
rCold   . . .      Faith    .   c - +0 buckler
rNeg    . . .      Spirit   .   i - +3 ring mail
rPois   .          Reflect  .   (helmet restricted)
rElec   .          Harm     .   (no cloak)
rCorr   .          Rampage  .   n - +0 pair of gloves
Will    .....                   (no boots)
Stlth   +.........              (no amulet)
HPRegen 0.20/turn               (no ring)
MPRegen 0.10/turn               (no ring)

@: no status effects
A: horns 2, retaliatory headbutt
a: Renounce Religion, Depart the Abyss, Bend Space


You were on level 4 of the Dungeon.
You worshipped Lugonu.
Lugonu was pleased with you.
You visited 1 branch of the dungeon, and saw 4 of its levels.

You collected 144 gold pieces.

Inventory:

Hand Weapons
 a - a +0 war axe (weapon)
Armour
 c - a +0 buckler (worn)
 i - a +3 ring mail (worn)
 n - a +0 pair of gloves (worn)
Jewellery
 j - a ring of see invisible
 r - an amulet of guardian spirit
 s - a ring of protection from fire
Wands
 o - a wand of flame (20)
Scrolls
 e - 6 scrolls of identify {unknown}
 f - a scroll of blinking {unknown}
 k - 2 scrolls of amnesia {unknown}
 q - a scroll of silence {unknown}
Potions
 b - a potion of heal wounds
 d - 2 potions of might
 g - a potion of attraction {unknown}
 h - a potion of degeneration {unknown}
 l - a potion of curing {unknown}
 m - a potion of haste {unknown}
 p - a potion of mutation {unknown}


   Skills:
 + Level 5.6 Fighting
 + Level 6.8 Axes
 + Level 6.4 Armour
 + Level 1.4 Dodging
 + Level 0.8 Stealth
 + Level 4.8 Shields
 * Level 0.9 Invocations


You had 6 spell levels left.
You didn't know any spells.
Your spell library contained the following spells:

 Spells                   Type           Power      Damage    Failure   Level
 Slow                     Hex            0%         N/A       73%         1
 Confusing Touch          Hex            0%         N/A       97%         3
 Vampiric Draining        Necr           0%         2d6       97%         3


Dungeon Overview and Level Annotations

Branches:
Dungeon (4/15)
 Temple: D:4-7

Altars:
Fedhas
Sif Muna
Lugonu

Annotations:
D:4 Duvessa


Innate Abilities, Weirdness & Mutations

You have a pair of horns on your head.
You reflexively headbutt those who attack you in melee.


Message History

Duvessa is lightly wounded.
You slash Dowan!
You kill Dowan!
Lugonu accepts your kill.
Duvessa screams, "No!
How DARE you!"
Duvessa goes berserk!
Duvessa hits you but does no damage. Duvessa hits you with a +0 short sword.
Duvessa closely misses you. Duvessa hits you with a +0 short sword.
Duvessa hits you but does no damage. Duvessa hits you with a +0 short sword!
Duvessa barely misses you. You furiously retaliate!
You headbutt Duvessa, but do no damage.
Duvessa rages.
You block Duvessa's attack. You block Duvessa's attack.
Duvessa hits you with a +0 short sword!
It was a potion of heal wounds.
You feel much better. You block Duvessa's attack.
Duvessa hits you with a +0 short sword!
You hit Duvessa but do no damage.
Duvessa is lightly wounded.
Duvessa hits you with a +0 short sword! x2
* * * LOW HITPOINT WARNING * * *
You closely miss Duvessa. You headbutt Duvessa.
Duvessa is lightly wounded.
Duvessa barely misses you. Duvessa hits you with a +0 short sword!
* * * LOW HITPOINT WARNING * * *
You block Duvessa's attack.
Duvessa rages.
You block Duvessa's attack.
Duvessa rages.
Space bends around you!
You blink.
Space bends around you!
You blink.
Duvessa is no longer moving quickly.
You block Duvessa's attack. Duvessa hits you but does no damage.
There is an open door here.
Duvessa hits you with a +0 short sword!
You die...

#
#....#.....#...#.....#...#...
#
#....#.....#...#.....#...#...
#
#....#.....#...#.....#...#...
#
#.†..#.....#...#.....#...#...
#
##....#.....#...#.....#...#...
#
#...###.....#####...|.#...####
# ###......####.#......##...#
# #......#....e......# #
#......#...@#......# #
#......#....#......# ###
#......#'####......### ..#
###..................# ..#
#..................# ..#
#..................# ..#
#.............)....# ..#
#..................# ###
#..................#


You could see Duvessa (berserk).

Vanquished Creatures
  Pikel (D:3)
  A water moccasin (D:3)
  A hornet zombie (D:3)
  A lemure (D:4)
  Blork the orc (D:4)
  Dowan (D:4)
  2 adders
  A worm (D:3)
  2 dart slugs
  2 orcs (D:4)
  5 endoplasms
  2 giant cockroaches
  7 goblins
  6 hobgoblins
  4 jackals (D:3)
  3 quokkas
  4 ball pythons
  4 bats
  5 frilled lizards
  5 kobolds
  2 rats
60 creatures vanquished.

Notes
Turn   | Place    | Note
-------+----------+-------------------------------------------
     0 | D:1      | Plasmagod the Minotaur Fighter began the quest for the Orb.
     0 | D:1      | Reached XP level 1. HP: 19/19 MP: 0/0
    66 | D:1      | Reached XP level 2. HP: 23/27 MP: 1/1
   740 | D:1      | Found a faded altar of an unknown god.
   747 | D:1      | Prayed at the altar of an unknown god.
   747 | D:1      | Became a worshipper of Lugonu the Unformed
   747 | D:1      | Reached * piety under Lugonu
   747 | D:1      | Reached ** piety under Lugonu
   883 | D:2      | Reached XP level 3. HP: 27/33 MP: 2/2
   938 | D:2      | Found a shimmering blue altar of Sif Muna.
  1927 | D:3      | Noticed a water moccasin
  1937 | D:3      | Killed a water moccasin
  1938 | D:3      | Reached XP level 4. HP: 10/41 MP: 3/3
  1938 | D:3      | Reached XP level 5. HP: 12/47 MP: 4/4
  2228 | D:3      | Reached skill level 5 in Armour
  2653 | D:3      | Found a blossoming altar of Fedhas.
  2783 | D:4      | Noticed a lemure
  2794 | D:4      | Killed a lemure
  2796 | D:4      | Noticed Pikel
  2797 | D:4      | Noticed a lemure
  2797 | D:4      | Noticed a lemure
  2797 | D:4      | Noticed a lemure
  2824 | D:3      | Killed Pikel
  2825 | D:3      | Reached skill level 5 in Fighting
  2825 | D:3      | Reached skill level 1 in Dodging
  2825 | D:3      | Reached XP level 6. HP: 49/56 MP: 5/5
  2825 | D:3      | Reached XP level 7. HP: 53/61 MP: 6/6
  2988 | D:4      | Noticed Blork the orc
  2998 | D:4      | Killed Blork the orc
  3345 | D:4      | Noticed Dowan
  3346 | D:4      | Noticed Duvessa
  3354 | D:4      | Killed Dowan
  3391 | D:4      | Mangled by Duvessa

Illustrated notes

Levels and vault maps discovered:
D:1:      dpeg_arrival_rhombi, layout_rooms,
          dreamdust_ecumenical_altar_angels_and_demons
D:2:      layout_rooms, basic_altar
D:3:      layout_basic, mainiacjoe_overflow_alcove_2, minmay_ruptured
D:4:      layout_gridville, uniq_duvessa, uniq_blork_the_orc, uniq_eustachio,
          uniq_pikel

Skill      XL: |  1  2  3  4  5 |
---------------+----------------+-----
Fighting       | 4 5 |  5.6
Armour         | 4 6 |  6.4
Shields        | 4 |  4.8
Axes           | 4 6 |  6.8
Dodging        | 1 |  1.4
Stealth        | |  0.8
Invocations    | |  0.9

Action                   |  1- 3 |  4- 6 |  7- 9 || total
-------------------------+-------+-------+-------++-------
Melee: War axe           |    96 |    39 |    31 ||   166
       Headbutt          |    13 |     6 |     9 ||    28
Invok: Bend Space        |       |       |     2 ||     2
  Use: Potion            |       |       |     1 ||     1
Armor: Scale mail        |    20 |       |       ||    20
       Ring mail         |    21 |    18 |    17 ||    56
Dodge: Dodged            |    44 |    19 |    15 ||    78
Block: Buckler           |    20 |     9 |     9 ||    38
